 Dungeon Crawl Stone Soup version 0.21.1-1-g345015fe64 (webtiles) character file.

268 Gobser the Ducker (level 6, -8/52 HPs)
             Began as a Ghoul Monk on May 16, 2018.
             Was a Follower of Ru.
             Mangled by an ogre
             ... wielding a +0 giant spiked club
              (16 damage)
             ... on level 4 of the Dungeon.
             The game lasted 00:14:22 (3656 turns).

Gobser the Ducker (Ghoul Monk)                      Turns: 3656, Time: 00:14:23

Health: -8/52      AC: 15    Str: 16    XL:     6   Next: 21%
Magic:  5/5        EV:  8    Int:  5    God:    Ru [*.....]
Gold:   109        SH:  0    Dex: 12    Spells: 5/5 levels left

rFire    . . .     SeeInvis .   k - +0 dagger (protect)
rCold    + . .     Gourm    .   (no shield)
rNeg     + + +     Faith    .   g - +0 chain mail
rPois    ∞         Spirit   .   (no helmet)
rElec    .         Reflect  .   (no cloak)
rCorr    +         Harm     .   (no gloves)
MR       .....                  (no boots)
Stlth    ..........             (no amulet)
HPRegen  0.00/turn              c - ring of poison resistance
MPRegen  0.09/turn              h - ring of resist corrosion

@: no scrolls, protection aura, rotting
A: rotting body, claws 1, carnivore, cold resistance 1, negative energy
resistance 3, inhibited regeneration, torment resistance, unbreathing, inability
to read while threatened
a: Renounce Religion


You were on level 4 of the Dungeon.
You worshipped Ru.
Ru was aware of your devotion.
You were not hungry.

You visited 1 branch of the dungeon, and saw 4 of its levels.

You collected 109 gold pieces.

Inventory:

Hand Weapons
 e - a +3 short sword
 i - a +3 short sword
 k - a +0 dagger of protection (weapon)
Armour
 a - a +1 robe
 d - a +0 leather armour
 g - a +0 chain mail (worn)
Jewellery
 c - a ring of poison resistance (left claw)
 h - a ring of resist corrosion (right claw)
Scrolls
 j - a scroll of teleportation
Comestibles
 b - 5 rations
 f - 2 chunks of flesh


   Skills:
 + Level 4.2 Fighting
 * Level 2.5 Short Blades
 + Level 0.8 Armour
 + Level 4.2 Dodging
 + Level 3.0 Stealth
 - Level 3.8 Unarmed Combat


You had 5 spell levels left.
You didn't know any spells.

Dungeon Overview and Level Annotations

Branches:
Dungeon (4/15)
 Temple: D:4-7

Altars:
Elyvilon
Ru
Zin

Annotations:
D:4 Eustachio


Innate Abilities, Weirdness & Mutations

Your body is rotting away.
You thrive on raw meat.
You are immune to poison.
You have sharp fingernails.
You are carnivorous and can eat meat at any time.
Your flesh is cold resistant. (rC+)
You are immune to negative energy. (rN+++)
You do not regenerate when monsters are visible.
You are immune to unholy pain and torment.
You can survive without breathing.
You cannot read scrolls while threatened.


Message History

* * * LOW HITPOINT WARNING * * *
You hit the ogre.
The ogre is moderately wounded.
You hit the ogre.
The ogre is heavily wounded.
The ogre hits you but does no damage.
Okay, then.
You aren't carrying any potions.
You barely miss the ogre.
The ogre is heavily wounded.
The ogre hits you but does no damage.
Okay, then.
You hit the ogre.
The ogre is heavily wounded.
You hit the ogre.
The ogre is heavily wounded.
Eustachio mumbles some strange words.
Eustachio blinks!
The ogre hits you with a giant spiked club!
You die...

... .... ... . #..
#..# ...#
..##..##..##...#
............@.....
....5.5....?......
........5.5.......
.....@..wZ§.....#
#...####O##....
.####...####@# .
.............#
.............#
.............#
..####.##...#
#.##'#####
+........+
#........#
#........#


You could see Eustachio, an ogre, a worm, an iron imp, a shadow imp and a howler
monkey skeleton.

Vanquished Creatures
  A howler monkey (D:4)
  An orc priest (D:3)
  2 orc wizards (D:3)
  6 adders (D:3)
  2 worms
  3 dart slugs
  3 leopard geckos
  13 orcs (D:3)
  2 giant cockroaches
  11 goblins
  3 hobgoblins (D:2)
  2 jackals (D:3)
  2 ball pythons (D:1)
  4 bats
  4 frilled lizards
  6 kobolds
  5 rats
70 creatures vanquished.

Vanquished Creatures (others)
  An adder (D:3)
1 creature vanquished.

Grand Total: 71 creatures vanquished

Notes
Turn   | Place    | Note
-------+----------+-------------------------------------------
     0 | D:1      | Gobser the Ghoul Monk began the quest for the Orb.
     0 | D:1      | Reached XP level 1. HP: 19/19 MP: 0/0
   170 | D:1      | Reached XP level 2. HP: 9/26 MP: 1/1
  1280 | D:2      | Reached XP level 3. HP: 24/29 MP: 2/2
  1452 | D:2      | Found a sacrificial altar of Ru.
  1454 | D:2      | Found a white marble altar of Elyvilon.
  1463 | D:2      | Became a worshipper of Ru the Awakened
  1561 | D:3      | Gained mutation: You cannot read scrolls while threatened. [Ru sacrifice]
  1561 | D:3      | Reached * piety under Ru
  1566 | D:3      | Reached XP level 4. HP: 3/38 MP: 3/3
  1999 | D:3      | Reached skill level 1 in Short Blades
  2002 | D:3      | HP: 2/40 [orc/whip (1)]
  2320 | D:3      | Reached XP level 5. HP: 42/46 MP: 4/4
  3361 | D:3      | Found a glowing silver altar of Zin.
  3398 | D:3      | Reached XP level 6. HP: 37/50 MP: 5/5
  3643 | D:4      | Noticed Eustachio
  3656 | D:4      | Mangled by an ogre

Skill      XL: |  1  2  3  4  5 |
---------------+----------------+-----
Dodging        | 3 4 |  4.2
Short Blades   | 1 2 |  2.5
Stealth        | 3 |  3.0
Fighting       | 4 |  4.2
Armour         | |  0.8
Unarmed Combat | |  3.8

Action                   |  1- 3 |  4- 6 || total
-------------------------+-------+-------++-------
Melee: Unarmed           |    80 |       ||    80
       Punch             |     3 |     2 ||     5
       Short sword       |    35 |    92 ||   127
       Dagger            |       |   223 ||   223
Invok: Sacrifice Words   |     1 |       ||     1
  Use: Scroll            |     6 |     1 ||     7
       Potion            |     3 |     7 ||    10
 Stab: Sleeping          |     3 |       ||     3
  Eat: Ration            |     1 |     2 ||     3
       Chunk             |     2 |     7 ||     9
Armor: Robe              |    24 |    10 ||    34
       Chain mail        |       |   193 ||   193
Dodge: Dodged            |    81 |   182 ||   263
